 Dungeon Crawl Stone Soup version 0.26-a0-154-g3d63440f56 (webtiles) character file.

Game seed: 5787978633812554325

50 Flugslaktarn the Chiller (level 3, -1/16 HPs)
             Began as a Vine Stalker Ice Elementalist on June 30, 2020.
             Killed from afar by an orc wizard (4 damage)
             ... with a magic dart
             ... on level 4 of the Dungeon.
             The game lasted 00:01:07 (212 turns).

Flugslaktarn the Chiller (VSIE)                      Turns: 212, Time: 00:01:07

Health: -1/16      AC:  2    Str: 10    XL:     3   Next: 79%
Magic:  0/8        EV: 12    Int: 16    God:
Gold:   28         SH:  0    Dex: 14    Spells: 4/8 levels left

rFire    . . .     SeeInvis .   i - -3 whip (curse)
rCold    . . .     Faith    .   (no shield)
rNeg     . . .     Spirit   +   a - +0 robe
rPois    .         Reflect  .   (no helmet)
rElec    .         Harm     .   (no cloak)
rCorr    .                      (no gloves)
MR       .....                  (no boots)
Stlth    ++........             (no amulet)
HPRegen  0.05/turn              (no ring)
MPRegen  0.11/turn              (no ring)

@: slowed, very slow
A: fangs 2, magic shield, antimagic bite, no potion heal 3, rot immunity
a: no special abilities


You were on level 4 of the Dungeon.
You were not hungry.

You visited 1 branch of the dungeon, and saw 4 of its levels.

You collected 28 gold pieces.

Inventory:

Hand Weapons
 e - a +0 club
   (You took it off a goblin on level 1 of the Dungeon)
 i - a cursed -3 whip (weapon)
   (You found it on level 1 of the Dungeon)
Armour
 a - a +0 robe (worn)
 k - a cursed +0 leather armour
   (You found it on level 3 of the Dungeon)
Scrolls
 j - a scroll of remove curse {unknown}
Potions
 b - a potion of flight {unknown}
 d - a potion of heal wounds {unknown}
 f - 2 potions of mutation {unknown}
 g - a potion of lignification {unknown}
 h - a potion of brilliance {unknown}
Comestibles
 c - 2 rations
 l - 3 chunks of flesh


   Skills:
 - Level 1.5 Dodging
 - Level 2.4 Stealth
 + Level 3.2 Spellcasting
 + Level 4.7 Ice Magic


You had 4 spell levels left.
You knew the following spells:

 Your Spells              Type           Power        Failure   Level  Hunger
a - Freeze                Ice            ###.         2%          1    None
b - Frozen Ramparts       Ice            ###...       8%          3    ###....

Your spell library contained the following spells:

 Spells                   Type           Power        Failure   Level  Hunger
 Ozocubu's Armour         Chrm/Ice       ##......     21%         3    ###....
 Hailstorm                Conj/Ice       ##......     56%         4    ####...
 Summon Ice Beast         Ice/Summ       ##......     56%         4    ####...


Dungeon Overview and Level Annotations

Branches:
Dungeon (4/15)
 Temple: D:4-7

Altars:


Innate Abilities, Weirdness & Mutations

You have extremely sharp teeth.
When hurt, damage is shared between your health and your magic reserves.
Your bite disrupts and absorbs the magic of your enemies.
Potions cannot restore your health.
You are immune to rotting.


Message History

Unknown command.
You hit the worker ant.
The worker ant is moderately wounded.
The wall freezes the worker ant.
The worker ant closely misses you.
The wall freezes the orc.
You hit the worker ant but do no damage.
The worker ant is heavily wounded.
The wall freezes the worker ant.
The worker ant barely misses you.
The wall freezes the orc.
You kill the orc!
The wall freezes the orc wizard.
The wall freezes the worker ant.
The worker ant closely misses you.
Casting: Frozen Ramparts (extremely dangerous; 9% risk of failure)
Confirm with . or Enter, or press ? or * to list all spells.
Aiming: Freeze (safe; 3% risk of failure)
Press: ? - help, Shift-Dir - straight line, f - worker ant
Aim: a worker ant (almost dead)
You freeze the worker ant.
You kill the worker ant!
The wall freezes the orc wizard.
The orc wizard mumbles some strange words.
The orc wizard seems to speed up.
Unknown command.
The wall freezes the orc wizard.
The orc wizard points at you and mumbles some strange words.
The magic dart hits you.
You miss the orc wizard.
You bite the orc wizard, but do no damage.
The orc wizard is heavily wounded.
The frozen ramparts melt away.
The orc wizard hits you with a +0 dagger.
* * * LOW HITPOINT WARNING * * *
The orc wizard misses you.
You barely miss the orc wizard. Your bite misses the orc wizard.
The orc wizard is heavily wounded.
The orc wizard casts a spell at you.
You feel yourself slow down. The orc wizard closely misses you.
Casting: Freeze (safe; 2% risk of failure)
Confirm with . or Enter, or press ? or * to list all spells.
Aiming: Freeze (safe; 2% risk of failure)
Press: ? - help, Shift-Dir - straight line, f - orc wizard
Aim: an orc wizard, wielding a +0 dagger and wearing a +0 robe (heavily wounded, fast)
You freeze the orc wizard.
The orc wizard is almost dead.
The orc wizard hits you with a +0 dagger.
* * * LOW HITPOINT WARNING * * *
The orc wizard gestures at you while chanting.
The magic dart hits you.
You die...

######## #. #.......
######. #.#####. ....#.
########.#..##. .....
#.............. ####...
#.######.###### .......
#.# #.......
####<..####.############.
......†.@o..>......
####...####.####### #...
..# #..# #### #.. #.. #.
#.


You could see an orc wizard (fast).

Vanquished Creatures
  2 worker ants
  An orc (D:4)
  A goblin (D:1)
  A bat (D:3)
  A frilled lizard (D:1)
6 creatures vanquished.

Notes
Turn   | Place    | Note
-------+----------+-------------------------------------------
     0 | D:1      | Flugslaktarn the Vine Stalker Ice Elementalist began the
                  | quest for the Orb.
     0 | D:1      | Reached XP level 1. HP: 9/9 MP: 4/4
   133 | D:3      | Noticed a worker ant
   144 | D:3      | Killed a worker ant
   144 | D:3      | Reached XP level 2. HP: 10/13 MP: 0/6
   144 | D:3      | Reached XP level 3. HP: 13/16 MP: 0/8
   167 | D:3      | Learned a level 3 spell: Frozen Ramparts
   212 | D:4      | Killed from afar by an orc wizard

Illustrated notes

Levels and vault maps discovered:
D:1:      dpeg_arrival_subterranean_lakeside_camping, layout_loops_ring
D:2:      layout_loops_ring, overflow_temple_1_default, chequers_garden,
          chequers_serial_rivers_marsh, chequers_serial_rivers_large_a,
          elyvilon_altar_1
D:3:      minmay_diamond_boxcup, layout_basic, lemuel_round_altar,
          chequers_ecumenical_altar_grove, dk_noncrumbling_2
D:4:      layout_basic, minmay_temple_entry_statues_fountains, first_ration

Skill      XL: |  1  2  3 |
---------------+----------+-----
Spellcasting   | 3 |  3.2
Dodging        | |  1.5
Stealth        | |  2.4
Ice Magic      | |  4.7

Action                   || total
-------------------------++-------
Melee: Whip              ||    10
       Bite              ||     2
 Cast: Freeze            ||    10
       Frozen Ramparts   ||     1
Armor: Robe              ||     7
Dodge: Dodged            ||    23

Table legend:
 A = Non-vault XP
 B = Vault XP
 C = Vault XP percentage of total XP
 D = Non-vault monster count
 E = Vault monster count
 F = Vault count percentage of total count
                 A         B        C        D         E       F
            +---------+---------+-------+---------+---------+-------
      Total |      70 |       2 |   2.8 |       5 |       1 |  16.7
            +---------+---------+-------+---------+---------+-------
        D:1 |       1 |       2 |  66.7 |       1 |       1 |  50.0
        D:3 |      34 |       0 |   0.0 |       2 |       0 |   0.0
        D:4 |      35 |       0 |   0.0 |       2 |       0 |   0.0
            +---------+---------+-------+---------+---------+-------
